 Dungeon Crawl Stone Soup version 0.29-a0-275-g389c0b56f3 (webtiles) character file.

Game seed: 5436015648819545102

3254 Majang the Slicer (level 10, -13/61 HPs)
             Began as a Kobold Delver on Mar 11, 2022.
             Was a Priest of Dithmenos.
             Mangled by an orc knight
             ... wielding a +0 glaive
              (18 damage)
             ... in a bailey.
             The game lasted 00:50:52 (8179 turns).

Majang the Slicer (Kobold Delver)                   Turns: 8179, Time: 00:50:53

Health: -13/61     AC:  8    Str:  9    XL:     10   Next: 19%
Magic:  13/13      EV: 20    Int: 12    God:    Dithmenos [***...]
Gold:   390        SH:  0    Dex: 27    Spells: 9/9 levels left

rFire   . . .      SeeInvis +   a - +8 dagger (venom)
rCold   . . .      Faith    .   (no shield)
rNeg    . . .      Spirit   .   E - +2 steam dragon scales
rPois   .          Reflect  .   (no helmet)
rElec   .          Harm     .   (no cloak)
rCorr   .          Rampage  .   (no gloves)
Will    .....                   m - +0 pair of boots
Stlth   ++++++++..              (no amulet)
HPRegen 0.20/turn               h - +6 ring of dexterity
MPRegen 0.13/turn               j - ring of see invisible

@: wreathed by umbra
A: small, no large weapons, nightstalker 3
a: Renounce Religion, Shadow Step


You were in a bailey.
You worshipped Dithmenos.
Dithmenos was most pleased with you.
You visited 2 branches of the dungeon, and saw 9 of its levels.
You also visited: Bailey.

You collected 390 gold pieces.

Inventory:

Hand Weapons
 a - a +8 dagger of venom (weapon)
 s - a +3 dagger of venom
 y - a +4 dagger
 H - a +2 long sword
Armour
 b - a +0 leather armour
 m - a +0 pair of boots (worn)
 C - the +1 ice dragon scales of Vogrel {rF- rC++ Int+4}
   (You found it on level 7 of the Dungeon)

   Int:       It affects your intelligence (+4).
   rF:        It makes you vulnerable to fire.
   rC:        It greatly protects you from cold.
 E - +2 steam dragon scales (worn)
Jewellery
 h - a +6 ring of dexterity (left hand)
 j - a ring of see invisible (right hand)
 l - a ring of magical power
Wands
 g - a wand of digging (2)
 F - a wand of iceblast (5)
 G - a wand of charming (6)
Scrolls
 c - a scroll of fog
 d - a scroll of magic mapping
 e - 2 scrolls of fear
 p - a scroll of teleportation
 r - a scroll of blinking
 t - a scroll of vulnerability
 u - a scroll of amnesia
Potions
 f - 2 potions of haste
 i - 3 potions of brilliance
 k - a potion of cancellation
 o - a potion of magic {unknown}
 q - 5 potions of curing
 w - a potion of invisibility {unknown}
 x - a potion of resistance {unknown}
 z - 3 potions of mutation
 B - a potion of heal wounds {unknown}
 D - a potion of flight {unknown}


   Skills:
 + Level 6.9 Fighting
 - Level 9.9(10.2) Short Blades
 * Level 2.4(4.7) Long Blades
 + Level 6.2 Dodging
 + Level 9.5 Stealth
 + Level 5.1 Invocations
 + Level 5.4 Evocations


You had 9 spell levels left.
You didn't know any spells.
Your spell library contained the following spells:

 Spells                   Type           Power      Damage    Failure   Level
 Beastly Appendage        Tmut           0%         N/A       32%         1
 Magic Dart               Conj           0%         1d3       32%         1
 Call Imp                 Summ           0%         N/A       45%         2
 Wereblood                Tmut           0%         N/A       45%         2
 Call Canine Familiar     Summ           0%         N/A       69%         3
 Mephitic Cloud           Conj/Pois/Air  0%         N/A       69%         3
 Portal Projectile        Hex/Tloc       0%         N/A       69%         3
 Spider Form              Tmut/Pois      0%         N/A       69%         3
 Stone Arrow              Conj/Erth      0%         3d7       69%         3
 Animate Armour           Summ/Erth      0%         N/A       97%         4
 Leda's Liquefaction      Hex/Erth       0%         N/A       97%         4
 Lehudib's Crystal Spear  Conj/Erth      0%         10d2      100%        8


Dungeon Overview and Level Annotations

Branches:
Dungeon (8/15)             Temple (1/1) D:4          Bailey (1/1)
   Lair: D:8-11

Altars:
Ashenzari
Cheibriados
Dithmenos
Elyvilon
Fedhas
Gozag
Makhleb
Nemelex Xobeh
Qazlal
Ru
Sif Muna
Trog
Uskayaw
Vehumet
Wu Jian
Xom
Yredelemnul
Zin
The Shining One

Shops:
D:1 [

Annotations:
Bailey 1 runed translucent door


Innate Abilities, Weirdness & Mutations

You are small and have problems with some larger weapons.
You are completely attuned to the shadows.


Message History

a +0 trident; a +0 scale mail The orc misses you.
Your orc knight hits the orc from afar with a +0 glaive.
The orc dies!
Dithmenos accepts your kill.
Okay, then.
Okay, then.
Okay, then.
There is a large open door, spattered with blood here.
Found five items.
Found a large runed translucent door.
The orc knight is no longer charmed.
The orc knight misses you.
Aiming: Iceblast
Press: ? - help, Shift-Dir - straight line, f - orc knight
Aim: an orc knight, wielding a +0 glaive and wearing a +0 chain mail The mass of ice explodes!
The iceblast engulfs the orc knight!
The orc knight is moderately wounded.
You hear a shout!
The orc knight barely misses you.
Aiming: Iceblast
Press: ? - help, Shift-Dir - straight line, f/p - orc knight
Aim: an orc knight, wielding a +0 glaive and wearing a +0 chain mail (moderately wounded)
The mass of ice explodes!
The iceblast engulfs the orc knight!
The orc knight is heavily wounded.
The orc knight hits you from afar with a +0 glaive.
Aiming: Iceblast
Press: ? - help, Shift-Dir - straight line, f/p - orc knight
Aim: an orc knight, wielding a +0 glaive and wearing a +0 chain mail (heavily wounded)
The mass of ice explodes!
The iceblast engulfs the orc knight!!
The orc knight is severely wounded.
The orc knight completely misses you.
Unknown command.
The orc knight hits you with a +0 glaive!
* * * LOW HITPOINT WARNING * * *
Unknown command.
You hit the orc knight but do no damage.
The orc knight is severely wounded.
You barely miss the orc knight.
The orc knight is severely wounded.
The orc knight hits you with a +0 glaive!!
You die...

...........###
.8....8...##
########..#
$[##..#
?!?#..#
#..#..#
#..#..#
e..#o.#
..##@.# +#
#..# ..8...#
.......#
#####..# ###


You could see an orc knight.

Vanquished Creatures
  The ghost of lurtze1 the Poker, a novice DsFi of Ru (D:6)
  A shadow (D:5)
  A steam dragon (D:7)
  3 water moccasins (D:6)
  A sky beast (D:3)
  A black bear (D:6)
  7 orc warriors (Bailey)
  An ogre (D:5)
  5 bullfrogs
  2 necrophages (D:6)
  5 scorpions
  4 wights
  A howler monkey (D:5)
  A jelly (D:5)
  2 hounds
  An orc priest (D:5)
  2 iguanas
  7 adders
  A shadow imp (D:7)
  3 white imps
  3 worms
  3 dart slugs
  18 orcs
  5 ball pythons
  2 endoplasms
  3 giant cockroaches
  11 goblins
  6 hobgoblins
  8 bats
  4 frilled lizards
  7 kobolds
  9 rats
129 creatures vanquished.

Vanquished Creatures (collateral kills)
  An orc warrior (Bailey)
  An orc (Bailey)
2 creatures vanquished.

Vanquished Creatures (others)
  A wizard (D:7)
  2 withered plants (D:1)
3 creatures vanquished.

Grand Total: 134 creatures vanquished

Notes
Turn   | Place    | Note
-------+----------+-------------------------------------------
     0 | D:5      | Majang the Kobold Delver began the quest for the Orb.
     0 | D:5      | Reached XP level 1. HP: 14/14 MP: 1/1
    55 | D:5      | Noticed an ogre
   118 | D:4      | Found a staircase to the Ecumenical Temple.
   126 | Temple   | Entered the Ecumenical Temple
   297 | Temple   | Became a worshipper of Dithmenos the Shadowed
   394 | D:3      | Reached XP level 2. HP: 5/19 MP: 2/2
   672 | D:3      | Noticed a sky beast
   686 | D:3      | Killed a sky beast
   687 | D:3      | Reached skill level 5 in Short Blades
   687 | D:3      | Reached XP level 3. HP: 24/24 MP: 3/3
   687 | D:3      | Reached XP level 4. HP: 29/29 MP: 4/4
   687 | D:3      | Reached XP level 5. HP: 33/33 MP: 5/5
   902 | D:1      | Found Ceugo's Antique Armour Emporium.
  1317 | D:1      | Found a faded altar of an unknown god.
  1367 | D:1      | Reached * piety under Dithmenos
  3191 | D:4      | Found a broken altar of Ashenzari.
  3452 | D:4      | Found a glowing golden altar of the Shining One.
  3480 | D:4      | Found a sacrificial altar of Ru.
  3644 | D:5      | Reached ** piety under Dithmenos
  3645 | D:5      | Reached skill level 1 in Invocations
  3645 | D:5      | Reached XP level 6. HP: 39/39 MP: 6/6
  3703 | D:5      | Reached skill level 1 in Evocations
  3862 | D:5      | Noticed a shadow
  3930 | D:5      | Killed a shadow
  3931 | D:5      | Reached XP level 7. HP: 18/44 MP: 6/8
  4322 | D:5      | Reached skill level 5 in Fighting
  5024 | D:6      | Found a runed translucent door.
  5029 | D:6      | Noticed lurtze1's ghost (novice DsFi)
  5043 | D:6      | Reached XP level 8. HP: 45/49 MP: 9/9
  5084 | D:6      | Killed lurtze1's ghost
  5289 | D:6      | Found a runed translucent door.
  5635 | D:6      | Reached XP level 9. HP: 48/55 MP: 11/11
  5751 | D:6      | Reached skill level 5 in Dodging
  6235 | D:6      | Identified the +1 scale mail of the Three Persimmons {rN+
                  | Int-5 Dex+5}
  6242 | D:6      | Found an opulent altar of Gozag.
  6443 | D:7      | Identified the +1 ice dragon scales of Vogrel {rF- rC++
                  | Int+4}
  6509 | D:7      | Found a bloodstained altar of Trog.
  6512 | D:7      | Noticed a wizard
  6517 | D:7      | Killed a wizard
  7749 | D:8      | Found a shimmering altar of Xom.
  7770 | D:8      | Found a flagged portal.
  7818 | Bailey   | Entered a bailey
  7910 | Bailey   | Reached skill level 1 in Long Blades
  7910 | Bailey   | Reached skill level 5 in Evocations
  7933 | Bailey   | Reached XP level 10. HP: 53/61 MP: 13/13
  8017 | Bailey   | Reached *** piety under Dithmenos
  8071 | Bailey   | Reached skill level 5 in Invocations
  8138 | Bailey   | Noticed an orc knight
  8168 | Bailey   | Noticed a deep elf zephyrmancer
  8169 | Bailey   | Found a large runed translucent door.
  8179 | Bailey   | Mangled by an orc knight

Illustrated notes

Levels and vault maps discovered:
D:1:      saegor_arrival_simple_b, layout_basic, serial_shops,
          nicolae_shop_behind_doors, ebering_ecumenical_altar_petrified,
          st_stairs_12
D:2:      layout_basic
D:3:      layout_rooms
D:4:      layout_layer_cave, nicolae_overflow_squiral, amcnicky_altar_gilded,
          minmay_temple_entry_slanted
D:5:      layout_basic
D:6:      layout_basic, nicolae_gozag_cash_rules_everything_around_me,
          ebering_ghost_sewer_f, serial_glass, glass_columns_b, glass_columns_a,
          minmay_strange_pillars, item_on_display_a, feat_on_display
D:7:      layout_rooms, trog_wizard
D:8:      cheibrodos_statue_roulette, layout_basic, dk_xom_monty_hall,
          mainiacjoe_overflow_alcove_1, enter_bailey_5,
          kennysheep_generic_room_7
Temple:   nicolae_temple_figure_eight
Bailey:   bailey_polearm_elven_captive_hellmonk, bailey

Skill      XL: |  1  2  3  4  5  6  7  8  9 10 |
---------------+-------------------------------+-----
Short Blades   | 3 5 6 7 8 9 |  9.9
Fighting       | 4 5 6 |  6.9
Invocations    | 1 2 3 4 5 |  5.1
Evocations     | 1 2 3 5 |  5.4
Dodging        | 3 4 5 6 |  6.2
Stealth        | 7 8 9 |  9.5
Long Blades    | 1 2 |  2.4

Action                   |  1- 3 |  4- 6 |  7- 9 | 10-12 || total
-------------------------+-------+-------+-------+-------++-------
Melee: Short sword       |    17 |     3 |       |       ||    20
       Dagger            |       |   108 |   181 |    37 ||   326
       Punch             |       |     1 |     6 |     3 ||    10
Evoke: Wand              |       |       |     1 |     5 ||     6
  Use: Scroll            |       |     8 |    12 |       ||    20
       Potion            |       |       |     2 |       ||     2
 Stab: Sleeping          |     3 |    36 |    22 |       ||    61
       Distracted        |       |       |     1 |       ||     1
Armor: Leather armour    |     1 |     6 |    10 |       ||    17
       Steam dragon scal |       |       |     9 |     2 ||    11
Dodge: Dodged            |    11 |    31 |   134 |    33 ||   209

Table legend: (Time is in decaauts)
 A = Elapsed time spent in this place.
 B = Non-inter-level travel time spent in this place.
 C = Inter-level travel time spent in this place.
 D = Time resting spent in this place.
 E = Time spent auto-exploring this place.
 F = Levels seen in this place.
 G = Mean time per level.
                   A        B        C        D        E       F      G
               +--------+--------+--------+--------+--------+-----+--------+
         Total |   8019 |   7529 |    490 |   1910 |      0 |  10 |  801.9 |
       Dungeon |   7488 |   6998 |    490 |   1801 |      0 |   8 |  936.0 |
        Temple |    191 |    191 |      0 |      0 |      0 |   1 |  191.0 |
        Bailey |    339 |    339 |      0 |    108 |      0 |   1 |  339.0 |
               +--------+--------+--------+--------+--------+-----+--------+

Top non-repeatable levels by time:
     D:6: 1761 daAuts
     D:5: 1286 daAuts
     D:7: 1032 daAuts
     D:4: 961 daAuts
     D:2: 884 daAuts
     D:3: 747 daAuts
     D:1: 726 daAuts
  Bailey: 339 daAuts
  Temple: 191 daAuts
     D:8: 86 daAuts
